 Dungeon Crawl Stone Soup version 0.30.0-5-g1a98f26d00 (webtiles) character file.

Game seed: 16628957287881354206

84 Sobieck the Chopper (level 4, -7/39 HPs)
             Began as a Hill Orc Fighter on May 10, 2023.
             Mangled by a gnoll
             ... wielding a +1 halberd of distortion
              (8 damage)
             ... on level 2 of the Dungeon.
             The game lasted 00:03:11 (1285 turns).

Sobieck the Chopper (Hill Orc Fighter)              Turns: 1285, Time: 00:03:12

Health: -7/39      AC:  6    Str: 20    XL:     4   Next: 45%
Magic:  4/4        EV:  9    Int:  8    God:
Gold:   119        SH:  4    Dex: 10    Spells: 3/3 levels left

rFire   . . .        a - +0 war axe {axe}
rCold   . . .        c - +0 buckler
rNeg    . . .        b - +0 scale mail
rPois   .            (no helmet)
rElec   .            (no cloak)
rCorr   .            (no gloves)
SInv    .            (no boots)
Will    .....        (no amulet) Stlth
                     (no ring)
HPRegen 0.26/turn    (no ring)
MPRegen 0.09/turn

%: no passive effects
@: no status effects
A: no striking features
a: no special abilities


You were on level 2 of the Dungeon.
You visited 1 branch of the dungeon, and saw 2 of its levels.

You collected 119 gold pieces.


   Skills:
 - Level 3.6 Fighting
 + Level 6.1 Axes
 - Level 3.2 Armour
 - Level 3.2 Shields


You had 3 spell levels left.
You didn't know any spells.
Your spell library contained the following spells:

 Spells                   Type           Power      Damage    Failure   Level
 Slow                     Hex            0%         N/A       83%         1
 Confusing Touch          Hex            0%         N/A       99%         3
 Vampiric Draining        Necr           0%         2d6       99%         3

Inventory:

Hand Weapons
 a - a +0 war axe (weapon) {axe}
 q - a +0 vampiric whip {mace}
   (You took it off a kobold on level 2 of the Dungeon)
Missiles
 f - 11 stones (quivered) {throwing}
Armour
 b - a +0 scale mail (worn)
 c - a +0 buckler (worn)
 h - a +0 ring mail
   (You found it on level 1 of the Dungeon)
 k - a +0 robe
   (You found it on level 2 of the Dungeon)
 n - a +0 ring mail
   (You found it on level 2 of the Dungeon)
Scrolls
 j - a scroll of noise {unknown}
 l - a scroll of teleportation {unknown}
 m - a scroll of vulnerability {unknown}
 r - a scroll of blinking {unknown}
Potions
 d - a potion of might
 g - 2 potions of degeneration {unknown}
 i - a potion of heal wounds {unknown}
 o - a potion of curing {@q1}
 p - a potion of resistance {unknown}

Dungeon Overview and Level Annotations

Branches:
Dungeon (2/15) Zot: 10681

Altars:
Zin

#.#.###...####.###.###.##
#.#.##.........##........
#.#.#....รท#######..###.#.
#.##......#######..# #.#.
#.#.....#..........###.#.
#.........#######......#.
#####..#.## #..#####.
##.#.# #..# #. #.#@# #..#
#< #.#g# #..# #.
###########.#.# #..#####.
#...........#.# #........
#.###########.# ##.######
#.# #.# ##.#### #.# #.##
#.....# #.# #..# #.....#
#.# ##.# #.....#


You could see a gnoll.


Message History

a +0 spear {polearm}; a gnoll corpse Unknown command.
Unknown command.
r - a scroll labelled GIEKKEWO TUINO Unknown command.
e - 2 poisoned darts {throwing} (gained 1)
e - 4 poisoned darts {throwing} (gained 2)
e - 6 poisoned darts {throwing} (gained 2)
e - 7 poisoned darts {throwing} (gained 1)
Found a stone staircase leading down.
A gnoll comes into view. It is wielding a +0 flail.
Danger!
You throw a stone {throwing}.
The stone {throwing} barely misses the gnoll.
Unknown command.
You throw a poisoned dart {throwing}.
The poisoned dart {throwing} hits the gnoll.
The gnoll is poisoned.
You throw a poisoned dart {throwing}.
The poisoned dart {throwing} hits the gnoll.
The gnoll looks even sicker.
Unknown command.
You slash the gnoll!
You kill the gnoll!
Your Axes skill increases to level 6!
Things that are here:
a +0 flail {mace}; a gnoll corpse
e - 6 poisoned darts {throwing} (gained 1) Unknown command.
Unknown command.
Things that are here:
a +0 flail {mace}; a gnoll corpse An endoplasm comes into view.
The endoplasm quivers.
Danger!
The endoplasm freezes you.
You are frozen.
There is a stone staircase leading down here.
You barely miss the endoplasm. You block the endoplasm's attack.
You slash the endoplasm!
You kill the endoplasm!
No target in view!
No target in view!
A gnoll comes into view.
It is wielding a +1 halberd of distortion.
Danger!
You throw a poisoned dart {throwing}.
The poisoned dart {throwing} hits the gnoll.
The gnoll shouts!
Unknown command.
You throw a poisoned dart {throwing}.
The poisoned dart {throwing} hits the gnoll.
The gnoll is poisoned.
Unknown command.
You throw a poisoned dart {throwing}.
The poisoned dart {throwing} hits the gnoll.
The gnoll drinks a potion.
The gnoll looks more healthy.
You throw a poisoned dart {throwing}.
The poisoned dart {throwing} closely misses the gnoll.
Unknown command.
You throw a poisoned dart {throwing}.
The poisoned dart {throwing} hits the gnoll.
The gnoll is poisoned.
Unknown command.
The gnoll drinks a potion.
The gnoll is healed!
The gnoll looks more healthy.
Unknown command.
Unknown command.
You aren't carrying any items that you can evoke.
Unknown command.
You throw a poisoned dart {throwing}.
The poisoned dart {throwing} hits the gnoll.
The gnoll is poisoned.
Unknown command.
There is a stone staircase leading down here.
The gnoll looks more healthy.
Unknown command.
Unknown command.
You throw a stone {throwing}.
The stone {throwing} barely misses the gnoll.
Unknown command.
The gnoll hits you with a +1 halberd of distortion!
Space warps around you.
You barely miss the gnoll. You block the gnoll's attack.
You barely miss the gnoll. The gnoll closely misses you.
Unknown command.
You closely miss the gnoll. The gnoll closely misses you.
The gnoll hits you with a +1 halberd of distortion.
* * * LOW HITPOINT WARNING * * *
Space warps horribly around you!!
* * * LOW HITPOINT WARNING * * *
You hit the gnoll but do no damage.
The gnoll hits you with a +1 halberd of distortion!
You die...

Skill      XL: |  1  2  3  4 |
---------------+-------------+-----
Axes           | 3 4 5 6 |  6.1
Fighting       | |  3.6
Armour         | |  3.2
Shields        | |  3.2

Action                     |  1- 3 |  4- 6 || total
---------------------------+-------+-------++-------
  Melee: War axe           |    97 |     8 ||   105
  Throw: Dart              |     5 |    12 ||    17
         Stone             |       |     2 ||     2
 Armour: Scale mail        |    42 |       ||    42
  Dodge: Dodged            |    34 |     3 ||    37
  Block: Buckler           |    21 |     2 ||    23

Levels and vault maps discovered:
D:1:      lemuel_arrival_cross, layout_rooms, nicolae_figureground_sparkle
D:2:      layout_loops_ring, basic_altar

Notes
Turn   | Place    | Note
-------+----------+-------------------------------------------
     0 | D:1      | Sobieck the Hill Orc Fighter began the quest for the Orb.
     0 | D:1      | Reached XP level 1. HP: 19/19 MP: 1/1
    93 | D:1      | Reached skill level 3 in Axes
   135 | D:1      | Reached XP level 2. HP: 25/26 MP: 2/2
   163 | D:1      | Reached skill level 4 in Axes
   446 | D:1      | You pick up a book of Debilitation and begin reading...
   446 | D:1      | You add the spells Slow, Vampiric Draining and Confusing
                  | Touch to your library.
   522 | D:1      | Reached XP level 3. HP: 30/31 MP: 3/3
   574 | D:2      | Reached skill level 5 in Axes
   857 | D:2      | Found a glowing silver altar of Zin.
  1135 | D:2      | Reached XP level 4. HP: 30/39 MP: 4/4
  1229 | D:2      | Reached skill level 6 in Axes
  1284 | D:2      | HP: 1/39 [gnoll/+1 halberd of distortion (18)]
  1285 | D:2      | Mangled by a gnoll

Vanquished Creatures
  3 gnolls (D:2)
  An adder (D:2)
  A worm (D:2)
  3 dart slugs
  2 bats
  An endoplasm (D:2)
  3 giant cockroaches (D:1)
  5 hobgoblins
  7 kobolds
  3 quokkas
  2 ball pythons (D:1)
  3 frilled lizards
  2 goblins (D:1)
  4 rats
40 creatures vanquished.

Table legend:
 A = Non-vault XP
 B = Vault XP
 C = Vault XP percentage of total XP
 D = Non-vault monster count
 E = Vault monster count
 F = Vault count percentage of total count
                 A         B        C        D         E       F
            +---------+---------+-------+---------+---------+-------
      Total |     120 |       0 |   0.0 |      40 |       0 |   0.0
            +---------+---------+-------+---------+---------+-------
        D:1 |      35 |       0 |   0.0 |      19 |       0 |   0.0
        D:2 |      85 |       0 |   0.0 |      21 |       0 |   0.0
            +---------+---------+-------+---------+---------+-------

Skill      XL: |  1  2  3  4 |
---------------+-------------+-----
Axes           | 3 4 5 6 |  6.1
Fighting       | |  3.6
Armour         | |  3.2
Shields        | |  3.2

Action                     |  1- 3 |  4- 6 || total
---------------------------+-------+-------++-------
  Melee: War axe           |    97 |     8 ||   105
  Throw: Dart              |     5 |    12 ||    17
         Stone             |       |     2 ||     2
 Armour: Scale mail        |    42 |       ||    42
  Dodge: Dodged            |    34 |     3 ||    37
  Block: Buckler           |    21 |     2 ||    23

Illustrated notes

Table legend:
 A = Kills in this place as a percentage of kills in the entire game.
 B = Kills by you in this place as a percentage of kills by you in the entire game.
 C = Kills by friends in this place as a percentage of kills by friends in the entire game.
 D = Other kills in this place as a percentage of other kills in the entire game.
 E = Experience gained in this place as a percentage of experience gained in the entire game.
 F = Experience gained in this place divided by the number of levels of this place that you have seen.
                   A       B       C       D       E      F
               +-------+-------+-------+-------+-------+----------------------
         Total | 100.0 | 100.0 |   N/A |   N/A | 100.0 |  60.0
       Dungeon | 100.0 | 100.0 |   N/A |   N/A | 100.0 |  60.0
               +-------+-------+-------+-------+-------+----------------------

Table legend: (Time is in decaauts)
 A = Elapsed time spent in this place.
 B = Non-inter-level travel time spent in this place.
 C = Inter-level travel time spent in this place.
 D = Time resting spent in this place.
 E = Time spent auto-exploring this place.
 F = Levels seen in this place.
 G = Mean time per level.
                   A        B        C        D        E       F      G
               +--------+--------+--------+--------+--------+-----+--------+
         Total |   1317 |   1295 |     22 |     47 |    905 |   2 |  658.5 |
       Dungeon |   1317 |   1295 |     22 |     47 |    905 |   2 |  658.5 |
               +--------+--------+--------+--------+--------+-----+--------+

Top non-repeatable levels by time:
     D:2: 738 daAuts
     D:1: 578 daAuts
